 Dungeon Crawl Stone Soup version 0.23.2-1-ga50397a6bc (webtiles) character file.

Game seed: 18266507303192421252

81 Foic the Grave Robber (level 4, -9/30 HPs)
             Began as a Mummy Necromancer on May 17, 2019.
             Mangled by a shadow (12 damage)
             ... summoned by miscasting Animate Dead
             ... on level 2 of the Dungeon.
             The game lasted 00:08:47 (2250 turns).

Foic the Grave Robber (Mummy Necromancer)           Turns: 2250, Time: 00:08:48

Health: -9/30      AC:  2    Str: 11    XL:     4   Next: 20%
Magic:  7/10       EV: 12    Int: 15    God:
Gold:   34         SH:  0    Dex: 12    Spells: 2/11 levels left

rFire    x . .     SeeInvis .   e - +0 hunting sling
rCold    + . .     Gourm    .   (no shield)
rNeg     + + +     Faith    .   a - +0 robe
rPois    ∞         Spirit   .   (no helmet)
rElec    .         Reflect  .   (no cloak)
rCorr    .         Harm     .   (no gloves)
MR       .....                  (no boots)
Stlth    ++........             (no amulet)
HPRegen  0.10/turn              (no ring)
MPRegen  0.12/turn              (no ring)

@: very slightly contaminated
A: no food or potions, fire vulnerability, cold resistance 1, negative energy
resistance 3, torment resistance, unbreathing
a: no special abilities


You were on level 2 of the Dungeon.
You were not hungry.

You visited 1 branch of the dungeon, and saw 2 of its levels.

You collected 34 gold pieces.

Inventory:

Hand Weapons
 e - a +0 hunting sling (weapon)
Missiles
 c - 27 sling bullets (quivered)
 f - 37 stones
Armour
 a - a +0 robe (worn)


   Skills:
 + Level 1.7 Dodging
 + Level 1.6 Stealth
 * Level 4.3 Spellcasting
 + Level 4.8 Necromancy


You had 2 spell levels left.
You knew the following spells:

 Your Spells              Type           Power        Failure   Level  Hunger
a - Pain                  Necr           ###.         2%          1    N/A
b - Animate Skeleton      Necr           N/A          2%          1    N/A
c - Vampiric Draining     Necr           ###.......   7%          3    N/A
d - Animate Dead          Necr           N/A          24%         4    N/A

Your spell library contained the following spells:

 Spells                   Type           Power        Failure   Level  Hunger
 Regeneration             Chrm/Necr      Unusable     N/A         3    N/A

Dungeon Overview and Level Annotations

Branches:
Dungeon (2/15)

Altars:
Cheibriados


Innate Abilities, Weirdness & Mutations

You do not eat or drink.
Your flesh is vulnerable to fire.
You are immune to poison.
Your flesh is cold resistant. (rC+)
You are immune to negative energy. (rN+++)
You are immune to unholy pain and torment.
You can survive without breathing.


Message History

Aim: a shadow (summoned)
You shoot a sling bullet.
The sling bullet barely misses the shadow.
The shadow hits you!
* * * LOW HITPOINT WARNING * * *
The shadow hits you.
* * * LOW HITPOINT WARNING * * *
Firing (i - inventory. (/) - cycle)
c - 29 sling bullets (quivered)
Press: ? - help, Shift-Dir - straight line, f/p - shadow
Aim: a shadow (summoned)
You shoot a sling bullet.
The sling bullet completely misses the shadow.
The shadow barely misses you. x2
Firing (i - inventory. (/) - cycle)
c - 28 sling bullets (quivered)
Press: ? - help, Shift-Dir - straight line, f/p - shadow
Aim: a shadow (summoned)
You shoot a sling bullet.
The sling bullet hits the shadow but does no damage.
The shadow hits you!
You die...

....#..####..# #.#
....#........#########.#
....'..................##
....##.####.###########.#
....'...................#
.)..#...#......########.#
#####.....#.##..........#
#####..#..#.#############
...#.....(.....W@W.....(
##.#......#.###########.
#.#.#.............
#.#......#.#######
#.##...#.......#.#
#................#
#######.#.........#
........#...###.###
##########..# #.#


You could see 2 shadows.

Vanquished Creatures
  3 gnolls (D:2)
  2 adders (D:2)
  A dart slug (D:1)
  A leopard gecko (D:1)
  An orc (D:2)
  A bat (D:1)
  2 giant cockroaches
  5 goblins
  A hobgoblin (D:2)
  7 kobolds
  A ball python (D:1)
  6 rats
31 creatures vanquished.

Notes
Turn   | Place    | Note
-------+----------+-------------------------------------------
     0 | D:1      | Foic the Mummy Necromancer began the quest for the Orb.
     0 | D:1      | Reached XP level 1. HP: 13/13 MP: 4/4
     6 | D:1      | Noticed a worker ant
     6 | D:1      | Noticed a lindwurm
     6 | D:1      | Noticed a swamp drake
     6 | D:1      | Noticed a black bear
    10 | D:1      | Learned a level 1 spell: Animate Skeleton
   100 | D:1      | Found a snail-covered altar of Cheibriados.
   327 | D:1      | Reached XP level 2. HP: 19/19 MP: 3/6
  1303 | D:2      | Reached XP level 3. HP: 24/24 MP: 2/8
  1379 | D:2      | Learned a level 3 spell: Vampiric Draining
  1848 | D:2      | Reached XP level 4. HP: 30/30 MP: 6/10
  1890 | D:2      | Learned a level 4 spell: Animate Dead
  2243 | D:2      | Noticed a shadow
  2243 | D:2      | Noticed a shadow
  2250 | D:2      | Mangled by a shadow

Skill      XL: |  1  2  3 |
---------------+----------+-----
Spellcasting   | 3 4 |  4.3
Dodging        | |  1.7
Stealth        | |  1.6
Necromancy     | |  4.8

Action                   |  1- 3 |  4- 6 || total
-------------------------+-------+-------++-------
 Fire: Hunting sling     |       |     5 ||     5
 Cast: Pain              |    69 |    12 ||    81
       Animate Skeleton  |     8 |       ||     8
       Animate Dead      |       |     2 ||     2
  Use: Scroll            |       |     2 ||     2
Armor: Robe              |     1 |       ||     1
Dodge: Dodged            |    15 |     6 ||    21
